 Dungeon Crawl Stone Soup version 0.30-a0-404-g0b3c3f4973 (webtiles) character file.

Game seed: 4932774675829535529

1444 funkygono the Magician (level 8, -4/53 HPs)
             Began as a Demonspawn Fire Elementalist on Dec 7, 2022.
             Was a Follower of Vehumet.
             Slain by an orc warrior
             ... wielding a +0 scimitar
              (10 damage)
             ... on level 6 of the Dungeon.
             The game lasted 00:09:16 (5057 turns).

funkygono the Magician (DsFE)                       Turns: 5057, Time: 00:09:17

Health: -4/53      AC: 10    Str:  9    XL:     8   Next: 46%
Magic:  17/27      EV: 16    Int: 19    God:    Vehumet [*.....]
Gold:   316        SH:  0    Dex: 13    Spells: 9/20 levels left

rFire   . . .      SeeInvis .    s - +7 long sword
rCold   . . .      Faith    .    (no shield)
rNeg    . . .      Spirit   .    a - +0 robe
rPois   .          Reflect  .    (no helmet)
rElec   .          Harm     .    E - +1 cloak
rCorr   .          Rampage  .    (no gloves)
Will    .....                    (no boots)
Stlth   ++........               (no amulet)
HPRegen 0.28/turn                e - ring of magical power
MPRegen 0.20/turn                y - +4 ring of evasion

@: sanguine armoured
A: demonic guardian 1, sanguine armour 1, demonic touch 2
a: Renounce Religion


You were on level 6 of the Dungeon.
You worshipped Vehumet.
Vehumet was aware of your devotion.
You visited 1 branch of the dungeon, and saw 6 of its levels.

You collected 316 gold pieces.

Inventory:

Hand Weapons
 j - a +0 whip
 s - a +7 long sword (weapon)
Missiles
 A - a throwing net
Armour
 a - a +0 robe (worn)
 m - an orb of light
 E - a +1 cloak (worn)
Jewellery
 d - a ring of protection from fire
 e - a ring of magical power (left hand)
 y - a +4 ring of evasion (right hand)
Scrolls
 c - a scroll of acquirement {unknown}
 f - a scroll of summoning
 q - a scroll of poison
 u - 3 scrolls of magic mapping
Potions
 b - a potion of magic
 h - a potion of invisibility
 o - a potion of brilliance {unknown}
 p - 3 potions of might
 r - a potion of mutation {unknown}
 t - a potion of attraction {unknown}
 v - a potion of flight {unknown}
 w - 4 potions of heal wounds
 z - a potion of curing {unknown}
 B - 2 potions of cancellation


   Skills:
 + Level 0.6 Fighting
 + Level 0.6 Long Blades
 + Level 2.4 Dodging
 - Level 1.7 Stealth
 + Level 6.6 Spellcasting
 + Level 4.2 Conjurations
 + Level 6.2 Fire Magic


You had 9 spell levels left.
You knew the following spells:

 Your Spells              Type           Power      Damage    Failure   Level
a - Foxfire               Conj/Fire      100%       2x1d9     1%          1
b - Scorch                Fire           60%        2d8       1%          2
c - Kindle Blastsparks    Fire/Tloc/Air  28%        2d12      13%         3
d - Flame Wave            Conj/Fire      26%        2d8       12%         4
e - Freeze                Ice            24%        1d4       11%         1

Your spell library contained the following spells:

 Spells                   Type           Power      Damage    Failure   Level
 Inner Flame              Hex/Fire       18%        N/A       9%          3
 Apportation              Tloc           12%        N/A       11%         1
 Necrotise                Necr           24%        1d5       11%         1
 Summon Small Mammal      Summ           24%        N/A       11%         1
 Gell's Gravitas          Tloc           6%         N/A       32%         3
 Lesser Beckoning         Tloc           12%        N/A       32%         3
 Teleport Other           Tloc           6%         N/A       32%         3
 Dispersal                Tloc           3%         N/A       100%        6


Dungeon Overview and Level Annotations

Branches:
Dungeon (6/15)
 Temple: D:4-7

Altars:
Qazlal
Vehumet

Shops:
D:4 [(:[

Annotations:
D:3 3 runed translucent doors, decrepitude's ghost, weakling DsMo


Innate Abilities, Weirdness & Mutations

A weak demonic guardian rushes to your aid.
When seriously injured, your blood forms armour. (AC +6)
Your touch may inflict irresistible damage on your foes.


Message History

The orc wizard is almost dead.
Your ufetubus hits the orc warrior but does no damage. x2
Casting: Scorch (safe; 1% risk of failure)
Confirm with . or Enter, or press ? or * to list all spells.
You conjure some foxfire!
Your ufetubus hits the orc warrior but does no damage.
Your ufetubus barely misses the orc warrior.
Unknown command.
Casting: Foxfire (safe; 1% risk of failure)
Confirm with . or Enter, or press ? or * to list all spells.
Flames lash the orc warrior.
The orc warrior is lightly wounded.
The orc warrior's fire resistance burns away.
The foxfire hits the orc warrior but does no damage.
The orc warrior is lightly wounded.
Your ufetubus closely misses the orc warrior.
Your ufetubus completely misses the orc warrior.
The orc warrior hits you with a +0 scimitar!
Your ufetubus hits the orc wizard.
The orc wizard dies!
Vehumet accepts your kill.
Casting: Scorch (safe; 1% risk of failure)
Confirm with . or Enter, or press ? or * to list all spells.
You conjure some foxfire!
The orc warrior hits you with a +0 scimitar!
* * * LOW HITPOINT WARNING * * *
Your ufetubus barely misses the orc warrior.
Your ufetubus hits the orc warrior but does no damage.
You closely miss the orc warrior.
The orc warrior is lightly wounded.
The orc warrior is no longer more vulnerable to fire.
The foxfire hits the orc warrior.
The orc warrior is moderately wounded.
The foxfire hits the orc warrior but does no damage.
The orc warrior is moderately wounded.
Your ufetubus misses the orc warrior.
Your ufetubus barely misses the orc warrior.
An orc comes into view. It is wielding a +0 club.
The orc warrior hits you with a +0 scimitar!
You die...

#############
...........
........#
♣.§....#####
♣§5)........
♣v@o........
♣.♣♣♣o....... ♣.
♣♣........#
♣.♣♣♣♣.........+
.⌠......###....#
♣.♣♣♣♣.....#####
♣. ♣♣....#
♣.♣♣♣...#########
♣..............#


You could see an orc warrior (ally target), an orc and a friendly ufetubus
(summoned).

Vanquished Creatures
  An unseen horror (D:6)
  An acid dragon (D:5)
  A black bear (D:5)
  2 ogres
  A centaur (D:6)
  A necrophage (D:4)
  6 scorpions
  A hound (D:4)
  An orc priest (D:4)
  2 jellies (D:5)
  An orc wizard (D:5)
  3 adders
  An ufetubus (D:5)
  3 worms
  A dart slug (D:1)
  12 orcs
  5 bats
  6 endoplasms
  4 giant cockroaches
  9 goblins
  6 hobgoblins
  11 kobolds
  4 quokkas
  4 ball pythons
  2 frilled lizards (D:1)
  4 rats
93 creatures vanquished.

Vanquished Creatures (collateral kills)
  An orc wizard (D:6)
  A statue (D:3)
2 creatures vanquished.

Vanquished Creatures (others)
  346 foxfires
346 creatures vanquished.

Grand Total: 441 creatures vanquished

Notes
Turn   | Place    | Note
-------+----------+-------------------------------------------
     0 | D:1      | funkygono the Demonspawn Fire Elementalist began the quest
                  | for the Orb.
     0 | D:1      | Reached XP level 1. HP: 13/13 MP: 3/3
   244 | D:1      | Gained mutation: A weak demonic guardian rushes to your
                  | aid. [demonic ancestry]
   244 | D:1      | Reached XP level 2. HP: 19/19 MP: 0/5
   247 | D:1      | Learned a level 2 spell: Scorch
  1249 | D:2      | Gained mutation: When seriously injured, your blood forms
                  | armour. (AC +6) [demonic ancestry]
  1249 | D:2      | Reached XP level 3. HP: 24/24 MP: 6/6
  1604 | D:2      | Learned a level 3 spell: Kindle Blastsparks
  2278 | D:3      | Found a runed translucent gate.
  2279 | D:3      | Found a runed translucent gate.
  2281 | D:3      | Found a runed translucent gate.
  2310 | D:3      | Noticed decrepitude's ghost (weakling DsMo)
  2372 | D:3      | Found a faded altar of an unknown god.
  2381 | D:3      | Gained mutation: Your touch may inflict minor irresistible
                  | damage on your foes. [demonic ancestry]
  2381 | D:3      | Reached XP level 4. HP: 27/30 MP: 8/8
  2587 | D:3      | Found a radiant altar of Vehumet.
  2587 | D:3      | Noticed a charred statue
  2593 | D:3      | Became a worshipper of Vehumet
  2600 | D:3      | Killed a charred statue
  2821 | D:4      | Noticed a scorpion
  2825 | D:4      | Killed a scorpion
  2826 | D:4      | Reached XP level 5. HP: 35/35 MP: 10/10
  2992 | D:4      | Learned a level 4 spell: Flame Wave
  3069 | D:4      | Gained mutation: Your touch may inflict irresistible damage
                  | on your foes. [demonic ancestry]
  3069 | D:4      | Reached XP level 6. HP: 41/41 MP: 11/12
  3128 | D:4      | Found Wiasuad's Antique Armour Boutique.
  3202 | D:4      | Found Iconk's Book Emporium.
  3294 | D:4      | Found Ikhiaboxo's Armour Shoppe.
  3511 | D:4      | Found Jenas's Antique Weapon Boutique.
  3537 | D:4      | You fall into a shaft and drop 1 floor!
  3537 | D:5      | Entered Level 5 of the Dungeon
  3716 | D:5      | Noticed an acid dragon
  3723 | D:5      | Killed an acid dragon
  3724 | D:5      | Reached skill level 5 in Spellcasting
  3724 | D:5      | Reached skill level 5 in Fire Magic
  3724 | D:5      | Reached XP level 7. HP: 46/46 MP: 14/14
  3813 | D:5      | Reached * piety under Vehumet
  3813 | D:5      | Offered knowledge of Freeze by Vehumet.
  3860 | D:5      | Learned a level 1 spell: Freeze
  4725 | D:5      | Found a stormy altar of Qazlal.
  4773 | D:6      | Reached XP level 8. HP: 52/52 MP: 17/17
  4817 | D:6      | HP: 2/52 [something (9)]
  4819 | D:6      | Killed an unseen horror
  5057 | D:6      | Slain by an orc warrior

Illustrated notes

Levels and vault maps discovered:
D:1:      co_arrival_random_square_maze, layout_rooms, minmay_stone_trees_small,
          nicolae_kite_square_tiling_tiny
D:2:      layout_basic
D:3:      layout_rooms, vehumet_statue, shapermc_ecumenical_altar_notcrosses,
          gammafunk_ghost_icy
D:4:      layout_basic, serial_shops, nicolae_shop_statue_plus,
          nicolae_lakefront_shop, shop, shop
D:5:      minmay_inner_zag, layout_loops_ring, nicolae_overflow_hidden_temple
D:6:      layout_basic, temple_pool_b, kb_rosetta, uniq_crazy_yiuf_cottage

Skill      XL: |  1  2  3  4  5  6  7  8 |
---------------+-------------------------+-----
Fire Magic     | 3 4 5 6 |  6.2
Spellcasting   | 3 4 5 6 |  6.6
Dodging        | 2 |  2.4
Conjurations   | 2 3 4 |  4.2
Fighting       | |  0.6
Long Blades    | |  0.6
Stealth        | |  1.7

Action                   |  1- 3 |  4- 6 |  7- 9 || total
-------------------------+-------+-------+-------++-------
Melee: Dagger            |     1 |       |       ||     1
       Long sword        |       |     8 |    11 ||    19
       Punch             |       |     1 |       ||     1
       Touch             |       |       |     2 ||     2
 Cast: Foxfire           |    90 |    54 |    56 ||   200
       Scorch            |    10 |    18 |     8 ||    36
  Use: Scroll            |       |       |    17 ||    17
Armor: Robe              |     3 |     1 |     5 ||     9
Dodge: Dodged            |     8 |    11 |    20 ||    39

Table legend: (Time is in decaauts)
 A = Elapsed time spent in this place.
 B = Non-inter-level travel time spent in this place.
 C = Inter-level travel time spent in this place.
 D = Time resting spent in this place.
 E = Time spent auto-exploring this place.
 F = Levels seen in this place.
 G = Mean time per level.
                   A        B        C        D        E       F      G
               +--------+--------+--------+--------+--------+-----+--------+
         Total |   5062 |   4994 |     68 |    177 |   4136 |   6 |  843.7 |
       Dungeon |   5062 |   4994 |     68 |    177 |   4136 |   6 |  843.7 |
               +--------+--------+--------+--------+--------+-----+--------+

Top non-repeatable levels by time:
     D:5: 1266 daAuts
     D:1: 1126 daAuts
     D:2: 892 daAuts
     D:4: 846 daAuts
     D:3: 793 daAuts
     D:6: 136 daAuts
